 Dungeon Crawl Stone Soup version 0.21.1-1-g345015f (webtiles) character file.

17422 suicidejoker the Nimble (level 12, -2/84 HPs)
             Began as an Octopode Monk on Mar 8, 2018.
             Was a High Priest of Cheibriados.
             Slain by a seven-headed hydra (8 damage)
             ... on level 13 of the Dungeon on Mar 9, 2018.
             The game lasted 01:04:58 (17159 turns).

suicidejoker the Nimble (Octopode Monk)            Turns: 17159, Time: 01:04:59

Health: -2/84      AC:  5    Str: 27    XL:     12   Next: 47%
Magic:  19/19      EV: 23    Int: 30    God:    Cheibriados [*****.]
Gold:   742        SH:  0    Dex: 31    Spells: 13/20 levels left

rFire    . . .     SeeInvis +   b - +6 dagger (venom)
rCold    . . .     Gourm    .   (no shield)
rNeg     . . .     Faith    +   (helmet restricted)
rPois    .         Spirit   .   c - amulet of faith
rElec    .         Reflect  .   h - +4 ring of intelligence
rCorr    +         Harm     .   n - +3 ring of dexterity
MR       .....                  P - ring of resist corrosion
Stlth    ++++++....             K - +4 ring of protection
HPRegen  0.24/turn              s - ring of see invisible
MPRegen  0.16/turn              (no ring)
                                (no ring)
                                (no ring)

@: very slow
A: almost no armour, stealthy swim, amphibious, 8 rings, constrict 8, camouflage
1, gelatinous body 1
a: Bend Time, Temporal Distortion, Slouch, Step From Time, Renounce Religion


You were on level 13 of the Dungeon.
You worshipped Cheibriados.
Cheibriados was extremely pleased with you.
You were not hungry.

You visited 2 branches of the dungeon, and saw 14 of its levels.
You also visited: Ossuary.

You collected 742 gold pieces.

Inventory:

Hand Weapons
 a - the +4 spear "Plog" {flame, rElec rF+ MR+ Dex+3}
   (You found it on level 5 of the Dungeon)

   It has been specially enchanted to burn those struck by it, causing extra
   injury to most foes and up to half again as much damage against particularly
   susceptible opponents.
   It affects your dexterity (+3).
   It protects you from fire.
   It insulates you from electricity.
   It affects your resistance to hostile enchantments.
 b - a +6 dagger of venom (weapon)
 d - a +0 longbow
 v - a cursed +3 dire flail
 w - a cursed +3 spear
 z - a +0 dagger of holy wrath
 C - a cursed +2 great sword
 H - a +0 shortbow of venom
 I - a +2 short sword of protection
 L - a cursed -2 spear
Missiles
 e - 2 needles of confusion
 i - 91 bolts
 r - 452 stones (quivered)
 t - 52 poisoned needles
 u - 194 arrows
 y - 3 curare-tipped needles
 A - 122 sling bullets
 N - 12 tomahawks
Magical Staves
 S - an uncursed staff of wizardry {unknown}
 X - an uncursed staff of wizardry {unknown}
Jewellery
 c - an amulet of faith (around mantle)
 h - a +4 ring of intelligence (left tentacle)
 n - a +3 ring of dexterity (right tentacle)
 s - a ring of see invisible (on tentacle)
 K - a +4 ring of protection (on tentacle)
 P - a ring of resist corrosion (on tentacle)
Wands
 D - a wand of iceblast (5)
 O - a wand of flame (35)
 Q - a wand of polymorph (15)
 R - a wand of clouds (3)
 U - a wand of acid (4)
 Z - a wand of disintegration (22)
Scrolls
 f - 14 scrolls of identify
 j - a scroll of enchant weapon
 l - a scroll of amnesia
 m - 2 scrolls of teleportation
 p - 4 scrolls of remove curse
 x - 2 scrolls of immolation
 J - 2 scrolls of magic mapping
 W - 3 scrolls of enchant armour
Potions
 g - a potion of curing
 k - a potion of cancellation
 o - 2 potions of agility
 B - a potion of magic {unknown}
 F - 2 potions of resistance
 T - a potion of mutation {unknown}
Books
 E - a book of Changes

   Spells                             Type                      Level
   a - Beastly Appendage              Transmutation                1
   b - Sticks to Snakes               Transmutation                2
   c - Spider Form                    Transmutation/Poison         3
   d - Ice Form                       Ice/Transmutation            4
   e - Blade Hands                    Transmutation                5
 M - a book of Air

   Spells                             Type                      Level
   a - Shock                          Conjuration/Air              1
   b - Swiftness                      Charms/Air                   2
   c - Static Discharge               Conjuration/Air              3
   d - Airstrike                      Air                          4
   e - Lightning Bolt                 Conjuration/Air              5
 V - a Young Poisoner's Handbook

   Spells                             Type                      Level
   a - Sting                          Conjuration/Poison           1
   b - Poisonous Vapours              Poison/Air                   2
   c - Mephitic Cloud                 Conjuration/Poison/Air       3
   d - Olgreb's Toxic Radiance        Poison                       4
   e - Venom Bolt                     Conjuration/Poison           5
Miscellaneous
 q - a sack of spiders
Comestibles
 G - 20 rations


   Skills:
 * Level 8.8 Fighting
 + Level 6.3 Short Blades
 * Level 8.8 Dodging
 + Level 8.5 Stealth
 * Level 7.8 Unarmed Combat
 * Level 4.9 Spellcasting
 * Level 5.1 Conjurations
 * Level 3.5 Transmutations
 * Level 5.1 Air Magic
 * Level 5.2 Poison Magic
 * Level 5.8 Evocations


You had 13 spell levels left.
You knew the following spells:

 Your Spells              Type           Power        Failure   Level  Hunger
a - Shock                 Conj/Air       ####         1%          1    None
b - Mephitic Cloud        Conj/Pois/Air  #####...     1%          3    #......
c - Spider Form           Tmut/Pois      ####......   2%          3    #......


Dungeon Overview and Level Annotations

Branches:
Dungeon (13/15)            Temple (1/1) D:5            Lair (0/6) D:8
    Orc (0/2) D:10
 Vaults: D:13-14

Altars:
Ashenzari
Cheibriados
Dithmenos
Elyvilon
Fedhas
Gozag
Hepliaklqana
Kikubaaqudgha
Makhleb
Nemelex Xobeh
Okawaru
Qazlal
Ru
Sif Muna
Trog
Uskayaw
Vehumet
Wu Jian
Xom
Yredelemnul
Zin
The Shining One
Jiyva

Shops:
D:4 [   D:8 [

Annotations:
D:11 maximusg's ghost, journeyman MiBe


Innate Abilities, Weirdness & Mutations

You cannot wear most types of armour.
You are very stealthy in the water. (Stealth+)
You are amphibious.
You can wear up to eight rings at the same time.
You can use your tentacles to constrict eight enemies at once.
Your skin changes colour to match your surroundings (Stealth+).
Your rubbery body absorbs attacks. (AC +1, EV +1)


Message History

The seven-headed hydra bites you. The seven-headed hydra bites you!
* * * LOW HITPOINT WARNING * * *
The seven-headed hydra bites you.
* * * LOW HITPOINT WARNING * * *
The seven-headed hydra bites you.
* * * LOW HITPOINT WARNING * * *
The seven-headed hydra misses you.
Okay, then.
Okay, then.
You fail to use your ability.
The seven-headed hydra misses you. x4
The seven-headed hydra closely misses you. x2
The seven-headed hydra bites you.
* * * LOW HITPOINT WARNING * * *
You fail to use your ability.
The seven-headed hydra barely misses you.
The seven-headed hydra closely misses you.
The seven-headed hydra bites you but does no damage.
The seven-headed hydra barely misses you. x4
You fail to use your ability.
The seven-headed hydra bites you!
You die...

........#+#####
........# ##......#
###.....# ##......#
........# ...##...#
## .####...# #####
..# ## #...#
####..@# D..# #
#...###..#..D#....#
#
#.....'..'...'...D+
#
###################
## .# .# .# .##


You could see a seven-headed hydra.

Vanquished Creatures
  A hydra (D:11)
  3 two-headed ogres
  3 unseen horrors
  Pikel (D:8)
  A deep elf mage (D:11)
  An ugly thing (D:13)
  A manticore (D:13)
  A cyclops (D:12)
  2 gargoyles
  A komodo dragon (D:12)
  A kobold demonologist (D:13)
  2 trolls
  A slime creature (D:12)
  4 hippogriffs
  2 water elementals (D:12)
  A spriggan (D:13)
  2 wraiths
  2 wyverns
  4 yaks (D:12)
  A hungry ghost (D:11)
  3 vampire mosquitoes (D:12)
  A steam dragon (D:11)
  A slave (D:8)
  5 orc warriors
  The ghost of richr the Chucker, an amateur TrHu (D:3)
  A phantom (D:6)
  A black bear (D:10)
  5 ice beasts
  An eye of draining (D:9)
  7 ogres
  4 centaurs
  A crocodile (D:11)
  2 big kobolds
  5 elf zombies (Ossuary)
  8 bullfrogs
  3 scorpions
  10 wights
  4 howler monkeys
  3 electric eels (D:12)
  5 crimson imps
  6 centaur zombies
  3 bullfrog zombies
  2 orc priests
  3 bullfrog skeletons
  6 hounds
  7 jellies
  12 orc wizards
  2 centaur skeletons
  3 human zombies (Ossuary)
  Jessica (D:3)
  6 worker ants
  2 iguanas
  A hound zombie (D:5)
  3 mummies (Ossuary)
  8 gnolls
  9 adders
  2 shadow imps
  2 oozes
  An adder zombie (D:6)
  5 worms
  3 dart slugs
  3 leopard geckos
  27 orcs
  2 ball pythons
  10 bats
  5 giant cockroaches
  4 goblins
  5 hobgoblins
  3 jackals (D:2)
  34 kobolds
  3 quokkas
  4 frilled lizards
  A jackal skeleton (D:6)
  7 rats
  7 plants (D:5)
308 creatures vanquished.

Vanquished Creatures (collateral kills)
  A sky beast (D:11)
  A leopard gecko (D:11)
2 creatures vanquished.

Vanquished Creatures (others)
  An orc (D:13)
1 creature vanquished.

Grand Total: 311 creatures vanquished

Notes
Turn   | Place    | Note
-------+----------+-------------------------------------------
     0 | D:1      | suicidejoker the Octopode Monk began the quest for the Orb.
     0 | D:1      | Reached XP level 1. HP: 16/16 MP: 1/1
   102 | D:1      | Reached XP level 2. HP: 19/21 MP: 2/2
   345 | D:1      | Reached skill level 1 in Unarmed Combat
   438 | D:1      | Reached XP level 3. HP: 26/26 MP: 3/3
   703 | D:2      | Reached XP level 4. HP: 24/31 MP: 4/4
   970 | D:2      | Found a bloodstained altar of Trog.
  1440 | D:2      | Reached XP level 5. HP: 33/37 MP: 5/5
  1988 | D:3      | Noticed Jessica
  1991 | D:3      | Found a shattered altar of Ashenzari.
  1993 | D:3      | Killed Jessica
  2019 | D:3      | Noticed richr's ghost (amateur TrHu)
  2037 | D:3      | Killed richr's ghost
  2037 | D:3      | Reached XP level 6. HP: 30/43 MP: 6/6
  2311 | D:3      | HP: 1/43 [gnoll/spear (5)]
  2682 | D:3      | Found a faded altar of an unknown god.
  3234 | D:4      | Found a sand-covered staircase.
  3239 | Ossuary  | Entered an ossuary
  3422 | Ossuary  | Reached XP level 7. HP: 45/49 MP: 7/7
  3629 | Ossuary  | Reached skill level 5 in Fighting
  3629 | Ossuary  | Reached skill level 5 in Dodging
  3775 | Ossuary  | Reached skill level 5 in Stealth
  3911 | Ossuary  | Reached XP level 8. HP: 35/55 MP: 8/8
  4272 | D:4      | Found Inolibil's Armour Shop.
  4686 | D:5      | Entered Level 5 of the Dungeon
  5083 | D:5      | Reached skill level 5 in Unarmed Combat
  5199 | D:5      | Got a translucent spear
  5200 | D:5      | Identified the +4 spear "Plog" {flame, rElec rF+ MR+ Dex+3} (You found it on level 5 of the Dungeon)
  5588 | D:5      | Found a staircase to the Ecumenical Temple.
  5598 | Temple   | Entered the Ecumenical Temple
  5912 | D:5      | Reached XP level 9. HP: 40/62 MP: 9/9
  6950 | D:6      | Found a shimmering altar of Xom.
  6978 | D:6      | Found a radiant altar of Vehumet.
  7105 | D:6      | Reached skill level 5 in Short Blades
  7110 | D:6      | Learned a level 1 spell: Shock
  7831 | D:7      | Reached skill level 1 in Air Magic
  7831 | D:7      | Reached skill level 1 in Evocations
  7945 | D:7      | Reached skill level 1 in Spellcasting
  7945 | D:7      | Reached skill level 1 in Conjurations
  8099 | D:7      | Found a hide-covered altar of Uskayaw.
  8099 | D:7      | Found a white marble altar of Elyvilon.
  8378 | D:8      | Found a sparkling altar of Nemelex Xobeh.
  8408 | D:8      | Found Sovijarch's Antique Armour Shop.
  8645 | D:8      | Found a staircase to the Lair.
  8645 | D:8      | Noticed Pikel
  8679 | D:8      | Killed Pikel
  8679 | D:8      | Reached XP level 10. HP: 59/71 MP: 1/12
  8700 | D:8      | Found a snail-covered altar of Cheibriados.
  8710 | D:8      | Became a worshipper of Cheibriados the Contemplative
  8710 | D:8      | Reached * piety under Cheibriados
  8710 | D:8      | Reached ** piety under Cheibriados
  8778 | D:8      | Noticed a two-headed ogre
  8789 | D:8      | Killed a two-headed ogre
  8860 | D:8      | Found an opulent altar of Gozag.
  9270 | D:9      | Learned a level 3 spell: Mephitic Cloud
  9331 | D:9      | Noticed a two-headed ogre
  9369 | D:9      | Killed a two-headed ogre
  9369 | D:9      | Reached skill level 1 in Poison Magic
 10172 | D:10     | Entered Level 10 of the Dungeon
 10214 | D:10     | Reached *** piety under Cheibriados
 10266 | D:10     | Found a staircase to the Orcish Mines.
 10831 | D:10     | Noticed an unseen horror
 10834 | D:10     | Killed an unseen horror
 10834 | D:10     | Reached XP level 11. HP: 77/77 MP: 15/15
 11002 | D:10     | Learned a level 3 spell: Spider Form
 11458 | D:11     | Noticed a deep elf mage
 11462 | D:11     | Killed a deep elf mage
 11574 | D:11     | Reached skill level 1 in Transmutations
 11822 | D:11     | Reached **** piety under Cheibriados
 11982 | D:11     | Noticed a five-headed hydra
 12350 | D:11     | Noticed a five-headed hydra
 12359 | D:11     | Killed a five-headed hydra
 12753 | D:11     | Noticed maximusg's ghost (journeyman MiBe)
 14595 | D:12     | Reached skill level 5 in Evocations
 14713 | D:12     | Noticed a two-headed ogre
 14721 | D:12     | Killed a two-headed ogre
 14807 | D:12     | Found a viscous altar of Jiyva.
 14826 | D:12     | Reached ***** piety under Cheibriados
 15262 | D:12     | Reached XP level 12. HP: 24/84 MP: 15/18
 16562 | D:13     | Reached skill level 5 in Conjurations
 16562 | D:13     | Reached skill level 5 in Air Magic
 16562 | D:13     | Reached skill level 5 in Poison Magic
 16626 | D:13     | Noticed a four-headed hydra
 17139 | D:13     | Noticed a seven-headed hydra
 17159 | D:13     | Slain by a seven-headed hydra

Skill      XL: |  1  2  3  4  5  6  7  8  9 10 11 12 |
---------------+-------------------------------------+-----
Stealth        | 3 4 5 6 7 8 |  8.5
Unarmed Combat | 1 2 3 4 5 6 7 |  7.8
Dodging        | 4 5 6 7 8 |  8.8
Fighting       | 4 5 6 7 8 |  8.8
Short Blades   | 4 5 6 |  6.3
Air Magic      | 2 3 4 5 |  5.1
Evocations     | 2 4 5 |  5.8
Spellcasting   | 1 3 4 |  4.9
Conjurations   | 2 3 4 5 |  5.1
Poison Magic   | 2 4 5 |  5.2
Transmutations | 2 3 |  3.5

Action                   |  1- 3 |  4- 6 |  7- 9 | 10-12 || total
-------------------------+-------+-------+-------+-------++-------
Melee: Short sword       |    41 |    40 |     3 |       ||    84
       Constrict         |     8 |    22 |    68 |    45 ||   143
       Tentacles         |     5 |    23 |   112 |   152 ||   292
       Punch             |       |     5 |    27 |    38 ||    70
       Trident           |       |    86 |    82 |       ||   168
       Dagger            |       |       |   210 |   352 ||   562
       Spear             |       |       |    93 |     4 ||    97
       Unarmed           |       |       |       |     6 ||     6
Throw: Tomahawk          |       |       |       |     4 ||     4
       Throwing net      |       |       |       |     1 ||     1
 Cast: Shock             |       |       |    35 |    92 ||   127
       Mephitic Cloud    |       |       |       |     3 ||     3
       Spider Form       |       |       |       |     2 ||     2
Invok: Bend Time         |       |       |       |     1 ||     1
       Slouch            |       |       |       |     1 ||     1
Evoke: Sack of spiders   |       |       |       |     1 ||     1
  Use: Scroll            |       |     2 |     2 |    20 ||    24
       Potion            |       |     7 |       |    16 ||    23
 Stab: Sleeping          |    13 |    18 |    24 |    24 ||    79
       Distracted        |       |       |     1 |     3 ||     4
       Confused          |       |       |       |     1 ||     1
  Eat: Chunk             |       |     7 |     6 |    10 ||    23
       Ration            |       |       |     4 |     1 ||     5
Armor: Skin              |     5 |     6 |     9 |    29 ||    49
Dodge: Dodged            |    35 |    88 |   172 |   351 ||   646
